Map: Blackpink LE

Players

flipdascrip

  • Race: Terran Terran
  • League: Master
  • Spawn Location: 7:00

MCanning - Winner!

  • Race: Protoss Protoss
  • League: Grandmaster
  • Spawn Location: 1:00

VOD

Have the link to the VOD?

Description

Time

  • Played on: Dec. 22, 2017, 1:13 a.m.
  • Length: 10:10
Show
View Real Time Build Order
Export as new Build Order

flipdascrip Terran 

Build Orders: Reaper Expand, MMM Bio 

Get SALT Encoding   

  12  0:01  SCV  
  13  0:13  SCV  
  14  0:17  Supply Depot  
  14  0:25  SCV  
  14  0:28  Refinery  
  15  0:39  SCV  
  16  0:45  Barracks  
  16  0:51  SCV  
  17  1:03  SCV  
  18  1:16  SCV  
  19  1:34  Reaper  
  19  1:35  Orbital Command  
  20  1:43  Command Center  
  20  1:53  Factory  
  20  2:00  SCV  
  21  2:08  Barracks Reactor  
  21  2:12  SCV  
  22  2:20  Refinery, Supply Depot  
  22  2:24  SCV  
  23  2:42  SCV  
  23  2:43  Starport  
  24  2:44  Marine x2  
  26  2:54  SCV  
  27  2:59  Orbital Command  
  27  3:00  Widow Mine  
  27  3:06  Marine x2  
  31  3:15  Bunker, SCV  
  32  3:22  Widow Mine  
  32  3:24  Marine x2  
  32  3:25  SCV  
  32  3:27  Medivac, SCV  
  40  3:38  SCV  
  40  3:39  SCV  
  42  3:45  Marine x2, Supply Depot  
  44  3:50  SCV  
  44  3:51  SCV  
  44  3:54  Factory Tech Lab  
  45  4:03  Marine, Barracks  
  45  4:06  Marine  
  47  4:12  SCV x2  
  47  4:13  Siege Tank  
  47  4:14  Supply Depot  
  52  4:19  Supply Depot  
  52  4:24  Marine, SCV x2  
  55  4:31  Barracks  
  55  4:35  Marine  
  56  4:40  Engineering Bay  
  56  4:41  SCV x2  
  56  4:42  Supply Depot  
  56  4:53  SCV x2, Barracks Tech Lab  
  56  4:54  Marine, Siege Tank  
  56  4:56  Marine  
  61  5:05  Supply Depot  
  61  5:06  Starport Reactor  
  61  5:07  SCV x2  
  61  5:09  Terran Infantry Weapons Level 1  
  61  5:12  Stimpack  
  63  5:18  Refinery x2  
  61  5:25  Marine  
  61  5:26  Marine x2  
  64  5:30  Combat Shields  
  64  5:31  Marauder  
  64  5:35  SCV x2  
  68  5:38  Factory Reactor  
  68  5:40  Supply Depot  
  68  5:43  Medivac  
  68  5:46  Marine x2  
  68  5:47  Marine, SCV x2  
  75  6:01  Marauder  
  75  6:02  Medivac  
  79  6:08  Barracks  
  79  6:09  Barracks, Widow Mine  
  79  6:10  Marauder, Marine x2, Widow Mine, Supply Depot  
  83  6:16  Medivac  
  89  6:29  SCV x2  
  91  6:34  Marine x2, Widow Mine x2  
  91  6:35  Marauder x2  
  97  6:40  Supply Depot x2  
  101  6:50  Medivac x2  
  105  6:57  Barracks Reactor, Barracks Tech Lab  
  105  7:02  SCV  
  105  7:03  SCV, Supply Depot  
  105  7:05  Command Center  
  107  7:10  Marauder x2  
  111  7:15  Marine x2  
  111  7:17  Marauder  
  111  7:18  Concussive Shells  
  112  7:31  Marauder x2  
  112  7:33  Marine  
  117  7:38  Marauder  
  119  7:50  Marine x2  
  121  7:53  Marauder x2  
  121  7:56  Terran Infantry Armor Level 1  
  121  7:58  Starport  
  125  8:00  Marauder  
  127  8:05  SCV x2  
  127  8:07  Marine x2  
  131  8:14  Marauder  
  130  8:23  Marine  
  130  8:24  Marine, Marauder x2  
  132  8:29  Orbital Command  
  130  8:40  Missile Turret x2  
  127  8:42  Missile Turret  
  127  8:44  Marine, Marauder  
  127  8:45  Marauder x2  
  97  9:00  SCV x3  
  91  9:12  SCV x3  
  91  9:24  SCV x2  
  91  9:27  Missile Turret  
  90  9:32  SCV  
  90  9:36  SCV x2  
  90  9:37  Marine  
  90  9:38  Marine x3, Marauder x3  
Show
View Real Time Build Order
Export as new Build Order

MCanning Protoss - Winner!

Build Orders: 1 Gate Expand, Blink Stalkers 

Get SALT Encoding   

  12  0:01  Probe  
  13  0:13  Probe  
  14  0:17  Pylon  
  14  0:25  Probe  
  15  0:35  Gateway  
  16  0:42  Probe (Chrono Boost)  
  16  0:48  Probe (Chrono Boost), Assimilator  
  17  0:52  Probe  
  18  1:05  Probe  
  19  1:20  Nexus  
  19  1:30  Cybernetics Core  
  19  1:37  Probe (Chrono Boost)  
  20  1:44  Probe (Chrono Boost)  
  20  1:45  Assimilator  
  21  1:51  Pylon, Probe  
  22  2:03  Probe  
  23  2:10  Stalker (Chrono Boost), Warp Gate (Chrono Boost)  
  25  2:15  Probe  
  26  2:26  Twilight Council  
  27  2:31  Probe (Chrono Boost)  
  27  2:34  Probe (Chrono Boost)  
  30  2:46  Probe x3 (Chrono Boost)  
  30  2:47  Stalker  
  33  2:52  Probe  
  33  2:58  Probe  
  35  3:04  Probe  
  36  3:10  Probe  
  36  3:12  Gateway  
  37  3:13  Gateway  
  37  3:16  Probe  
  37  3:17  Sentry  
  40  3:22  Pylon  
  40  3:27  Blink (Chrono Boost)  
  40  3:28  Probe  
  40  3:30  Probe  
  42  3:40  Probe  
  43  3:42  Probe  
  44  3:52  Probe  
  44  3:53  Shield Battery  
  44  3:54  Probe  
  46  3:58  Robotics Facility  
  46  4:04  Probe  
  46  4:06  Probe  
  46  4:08  Assimilator  
  46  4:09  Assimilator  
  48  4:10  Pylon  
  48  4:17  Probe  
  49  4:18  Probe, Stalker x2  
  54  4:26  Pylon  
  54  4:29  Probe  
  54  4:30  Probe  
  56  4:34  Pylon  
  56  4:36  Stalker  
  58  4:41  Probe  
  59  4:52  Probe  
  56  4:53  Probe  
  57  5:04  Probe, Robotics Bay  
  57  5:05  Stalker  
  60  5:07  Gateway  
  60  5:10  Stalker, Gateway  
  60  5:11  Observer  
  60  5:12  Probe  
  64  5:22  Probe  
  64  5:25  Probe  
  66  5:29  Pylon  
  66  5:35  Probe  
  67  5:36  Immortal (Chrono Boost)  
  67  5:37  Probe  
  67  5:38  Sentry  
  74  5:52  Nexus  
  74  5:53  Pylon  
  74  5:59  Extended Thermal Lance (Chrono Boost)  
  74  6:07  Probe  
  74  6:09  Colossus (Chrono Boost)  
  81  6:11  Pylon  
  81  6:14  Probe  
  82  6:19  Charge  
  82  6:21  Probe  
  82  6:22  Shield Battery, Observer  
  83  6:26  Probe  
  84  6:35  Dark Shrine  
  84  6:39  Zealot x4  
  92  6:44  Gateway  
  92  6:52  Colossus (Chrono Boost)  
  92  6:53  Pylon  
  98  6:56  Shield Battery  
  98  6:59  Shield Battery  
  98  7:00  Pylon  
  98  7:03  Stalker x2  
  102  7:08  Sentry  
  102  7:12  Zealot  
  106  7:18  Probe  
  105  7:26  Colossus (Chrono Boost)  
  107  7:32  Zealot x2  
  107  7:33  Zealot x3  
  117  7:45  Pylon  
  117  7:46  Pylon  
  117  7:47  Pylon  
  117  7:55  Nexus  
  117  7:57  Pylon  
  117  8:09  Dark Templar x2  
  119  8:18  Dark Templar  
  119  8:19  Zealot x3  
  126  8:23  Probe  
  125  8:29  Probe  
  125  8:33  Colossus (Chrono Boost)  
  130  8:35  Probe  
  126  8:42  Probe  
  105  8:54  Nexus  
  105  8:55  Pylon, Stalker x2  
  105  8:56  Stalker  
  105  8:57  Pylon  
  105  9:00  Probe  
  110  9:10  Stalker  
  110  9:11  Stalker  
  114  9:20  Probe  
  115  9:30  Probe  
  116  9:40  Stalker x4  
  112  9:55  Probe  
  112  9:56  Probe  
Tags
 
Add a new tag
Caveats
  • Supply blocks, unpowered buildings, or Contaminate may cause inaccurate times.
  • Supply counts are checked every 10 seconds.